NCAA
FLORIDA GATORS @ SOUTHERN CALIFORNIA TROJANS
04/17/2024
 
TOP OF THE 1ST
Florida Gators batting - Pitching for Southern California Trojans : RHP Carl Thomas
Pitching: RHP Carl Thomas
Batting: LHB Jeff Fountain 0-0: Called Strike
0-1: Fly out, F2 (Popup, 2RF)
Batting: RHB Joe Richardson 0-0: Called Strike
0-1: Foul Ball, location: 2F
0-2: Strikes out swinging
Batting: LHB Mark Strong 0-0: Ball
1-0: Ground out 6-3 (Groundball, 6M)
Top of the 1st over - 0 run(s), 0 hit(s), 0 error(s), 0 left on base; Florida 0 - Southern California 0
BOTTOM OF THE 1ST
Southern California Trojans batting - Pitching for Florida Gators : RHP Micheal Wood
Pitching: RHP Micheal Wood
Batting: RHB Patrick Daniels 0-0: Fly out, F8 (Flyball, 8RS)
Batting: RHB José Martínez 0-0: Called Strike
0-1: Ball
1-1: Foul Ball, location: 2F
1-2: Strikes out swinging
Batting: LHB Scot Chilson 0-0: Ball
1-0: Called Strike
1-1: Fly out, F2 (Popup, 2LF)
Bottom of the 1st over - 0 run(s), 0 hit(s), 0 error(s), 0 left on base; Florida 0 - Southern California 0
TOP OF THE 2ND
Florida Gators batting - Pitching for Southern California Trojans : RHP Carl Thomas
Batting: LHB Juan Torres 0-0: Called Strike
0-1: Called Strike
0-2: SINGLE (Line Drive, 3L)
Batting: RHB Mario Solís 0-0: Called Strike
0-1: Foul Ball, location: 2F
0-2: Strikes out looking
Batting: RHB Larry Kennedy 0-0: Ball
1-0: Ball
2-0: Foul Ball, location: 2F
2-1: Ball
3-1: Base on Balls
Juan Torres to second
Batting: RHB Barry Murphy 0-0: Foul Ball, location: 2F
0-1: Ball
1-1: Called Strike
1-2: Strikes out looking
Batting: RHB Johnny MacNamara 0-0: Fly out, F4 (Popup, 4D)
Top of the 2nd over - 0 run(s), 1 hit(s), 0 error(s), 2 left on base; Florida 0 - Southern California 0
BOTTOM OF THE 2ND
Southern California Trojans batting - Pitching for Florida Gators : RHP Micheal Wood
Batting: LHB Thomas Dixon 0-0: Ball
1-0: Ball
2-0: Called Strike
2-1: Swinging Strike
2-2: SINGLE (Groundball, 3L)
Batting: LHB Jeff Horton 0-0: Called Strike
0-1: Ball
1-1: Fielders Choice at 2nd, 6-4 (Groundball, 6)
Now at 2B: Leroy Sibbald
Batting: LHB Mike Davis 0-0: Ball
1-0: Ball
2-0: Fly out, F2 (Popup, 2R)
Batting: LHB Roberto Barrón 0-0: Ball
Jeff Horton steals 2nd base
1-0: DOUBLE (Flyball, 7LM)
Jeff Horton scores
Batting: SHB Donald Waller 0-0: Ball
1-0: Ball
Wild Pitch!
Roberto Barrón to third
2-0: Foul Ball, location: 2F
2-1: Swinging Strike
2-2: Strikes out swinging
Bottom of the 2nd over - 1 run(s), 2 hit(s), 0 error(s), 1 left on base; Florida 0 - Southern California 1
TOP OF THE 3RD
Florida Gators batting - Pitching for Southern California Trojans : RHP Carl Thomas
Batting: SHB Leroy Sibbald 0-0: Called Strike
0-1: Ball
1-1: Swinging Strike
1-2: Strikes out swinging
Batting: LHB Jeff Fountain 0-0: Ball
1-0: Foul Ball, location: 2F
1-1: Ball
2-1: Swinging Strike
2-2: Ball
3-2: SINGLE (Groundball, 15S) (infield hit)
Batting: RHB Joe Richardson 0-0: Ball
1-0: Reached on error, E6 (Groundball, 6)
Jeff Fountain to second
Batting: LHB Mark Strong 0-0: Called Strike
0-1: Foul Ball, location: 2F
0-2: Fielders Choice at 2nd, 4-6 (Groundball, 34)
Jeff Fountain to third
Batting: LHB Juan Torres 0-0: Ball
1-0: Called Strike
1-1: Ball
2-1: Called Strike
2-2: Strikes out swinging
Top of the 3rd over - 0 run(s), 1 hit(s), 1 error(s), 2 left on base; Florida 0 - Southern California 1
BOTTOM OF THE 3RD
Southern California Trojans batting - Pitching for Florida Gators : RHP Micheal Wood
Batting: RHB Bernard Pryor 0-0: Fly out, F4 (Popup, 4D)
Batting: RHB Patrick Daniels 0-0: Ball
1-0: Called Strike
1-1: Called Strike
1-2: Strikes out looking
Batting: RHB José Martínez 0-0: Ball
1-0: Ball
2-0: Ball
3-0: Called Strike
3-1: SINGLE (Groundball, 56)
Batting: LHB Scot Chilson 0-0: Foul Ball, location: 2F
0-1: Ball
1-1: Foul Ball, location: 2F
1-2: Strikes out swinging
Bottom of the 3rd over - 0 run(s), 1 hit(s), 0 error(s), 1 left on base; Florida 0 - Southern California 1
TOP OF THE 4TH
Florida Gators batting - Pitching for Southern California Trojans : RHP Carl Thomas
Batting: RHB Mario Solís 0-0: Ball
1-0: Ground out 6-3 (Groundball, 6M)
Batting: RHB Larry Kennedy 0-0: Ball
1-0: Called Strike
1-1: Foul Ball, location: 2F
1-2: DOUBLE (Line Drive, 7LS)
Batting: RHB Barry Murphy 0-0: Ball
1-0: Ball
2-0: Ball
3-0: Called Strike
3-1: Reached on error, E5 (Groundball, 5)
Larry Kennedy to third
Batting: RHB Johnny MacNamara 0-0: Ball
1-0: Foul Ball, location: 2F
1-1: Swinging Strike
1-2: Ball
2-2: Strikes out swinging
Batting: SHB Leroy Sibbald 0-0: Ball
1-0: Called Strike
1-1: Ball
2-1: Ball
3-1: Base on Balls
Barry Murphy to second
Batting: LHB Jeff Fountain 0-0: Foul Ball, location: 2F
0-1: Ball
1-1: Ground out 1-3 (Groundball, 23)
Top of the 4th over - 0 run(s), 1 hit(s), 1 error(s), 3 left on base; Florida 0 - Southern California 1
BOTTOM OF THE 4TH
Southern California Trojans batting - Pitching for Florida Gators : RHP Micheal Wood
Batting: LHB Thomas Dixon 0-0: Ball
1-0: Foul Ball, location: 2F
1-1: DOUBLE (Flyball, 89M)
Batting: LHB Jeff Horton 0-0: Swinging Strike
0-1: Swinging Strike
0-2: Ball
1-2: Ground out 1-3 (Groundball, 13)
Thomas Dixon to third
Batting: LHB Mike Davis 0-0: Swinging Strike
0-1: SINGLE (Groundball, 13) (infield hit)
Thomas Dixon scores
Batting: LHB Roberto Barrón 0-0: Called Strike
0-1: Fielders Choice at 2nd, 6-4 (Groundball, 6M)
Batting: SHB Donald Waller 0-0: Called Strike
0-1: Ball
1-1: DOUBLE (Groundball, 3L)
Roberto Barrón to third
Runner from 3rd tries for Home, SAFE, no throw or cutoff
Batting: RHB Bernard Pryor 0-0: Ball
1-0: Called Strike
1-1: Ball
2-1: Foul Ball, location: 2F
2-2: Fly out, F8 (Flyball, 8LS)
Bottom of the 4th over - 2 run(s), 3 hit(s), 0 error(s), 1 left on base; Florida 0 - Southern California 3
TOP OF THE 5TH
Florida Gators batting - Pitching for Southern California Trojans : RHP Carl Thomas
Batting: RHB Joe Richardson 0-0: Ball
1-0: SINGLE (Groundball, 5L)
Batting: LHB Mark Strong 0-0: Ball
1-0: Foul Ball, location: 2F
1-1: Ground out 4-3 (Groundball, 4D)
Joe Richardson to second
Batting: LHB Juan Torres 0-0: Ball
1-0: SINGLE (Groundball, 6MD)
Joe Richardson to third
Batting: RHB Mario Solís 0-0: Ball
1-0: Swinging Strike
1-1: Ball
2-1: Foul Ball, location: 2F
2-2: Strikes out swinging
Batting: RHB Larry Kennedy 0-0: Ground out U3 (Groundball, 3)
Top of the 5th over - 0 run(s), 2 hit(s), 0 error(s), 2 left on base; Florida 0 - Southern California 3
BOTTOM OF THE 5TH
Southern California Trojans batting - Pitching for Florida Gators : RHP Micheal Wood
Batting: RHB Patrick Daniels 0-0: SOLO HOME RUN (Flyball, 9LD), Distance : 313 ft
Batting: RHB José Martínez 0-0: Ball
1-0: Ground out 4-3 (Groundball, 4)
Batting: LHB Scot Chilson 0-0: Called Strike
0-1: Ball
1-1: Fly out, F8 (Flyball, 8RM)
Batting: LHB Thomas Dixon 0-0: Ball
1-0: Ground out 4-3 (Groundball, 34)
Bottom of the 5th over - 1 run(s), 1 hit(s), 0 error(s), 0 left on base; Florida 0 - Southern California 4
TOP OF THE 6TH
Florida Gators batting - Pitching for Southern California Trojans : RHP Carl Thomas
Pitching: LHP Mark De Jesús
Batting: RHB Barry Murphy 0-0: Swinging Strike
0-1: Ball
1-1: Called Strike
1-2: Strikes out swinging
Batting: RHB Johnny MacNamara 0-0: Ball
1-0: Called Strike
1-1: Fly out, F9 (Flyball, 9M)
Batting: SHB Leroy Sibbald 0-0: Reached on error, E5 (Groundball, 56)
Batting: LHB Jeff Fountain 0-0: Ball
1-0: Ball
2-0: Called Strike
2-1: Foul Ball, location: 2F
2-2: Strikes out swinging
Top of the 6th over - 0 run(s), 0 hit(s), 1 error(s), 1 left on base; Florida 0 - Southern California 4
BOTTOM OF THE 6TH
Southern California Trojans batting - Pitching for Florida Gators : RHP Micheal Wood
Batting: LHB Jeff Horton 0-0: Ball
1-0: Called Strike
1-1: Foul Ball, location: 2F
1-2: SOLO HOME RUN (Flyball, 8RXD), Distance : 396 ft
Batting: LHB Mike Davis 0-0: Ball
1-0: Foul Ball, location: 2F
1-1: Called Strike
1-2: Ground out 5-3 (Groundball, 5S)
Batting: LHB Roberto Barrón 0-0: Called Strike
0-1: Swinging Strike
0-2: SINGLE (Line Drive, 6MD)
Batting: SHB Donald Waller 0-0: Swinging Strike
0-1: Called Strike
0-2: Strikes out looking
Pitching: RHP Santiago Castro
Batting: RHB Bernard Pryor 0-0: DOUBLE (Line Drive, 78M)
Roberto Barrón to third
Batting: RHB Patrick Daniels 0-0: Foul Ball, location: 2F
0-1: Ball
1-1: Ball
2-1: Ball
3-1: Foul Ball, location: 2F
3-2: Base on Balls
Batting: RHB José Martínez 0-0: Ball
1-0: Called Strike
1-1: Foul Ball, location: 2F
1-2: Foul Ball, location: 2F
1-2: Ball
2-2: Strikes out swinging
Bottom of the 6th over - 1 run(s), 3 hit(s), 0 error(s), 3 left on base; Florida 0 - Southern California 5
TOP OF THE 7TH
Florida Gators batting - Pitching for Southern California Trojans : LHP Mark De Jesús
Batting: RHB Joe Richardson 0-0: Called Strike
0-1: Foul Ball, location: 2F
0-2: Fly out, F9 (Flyball, 9M)
Batting: LHB Mark Strong 0-0: Swinging Strike
0-1: Ball
1-1: Swinging Strike
1-2: Ball
2-2: Foul Ball, location: 2F
2-2: Strikes out looking
Batting: LHB Juan Torres 0-0: Swinging Strike
0-1: Ball
1-1: Ground out 4-3 (Groundball, 4)
Top of the 7th over - 0 run(s), 0 hit(s), 0 error(s), 0 left on base; Florida 0 - Southern California 5
BOTTOM OF THE 7TH
Southern California Trojans batting - Pitching for Florida Gators : RHP Santiago Castro
Batting: LHB Scot Chilson 0-0: Swinging Strike
0-1: Fly out, F9 (Flyball, 89M)
Batting: LHB Thomas Dixon 0-0: Ball
1-0: Fly out, F7 (Flyball, 7LM)
Batting: LHB Jeff Horton 0-0: Fly out, F5 (Popup, 5F)
Bottom of the 7th over - 0 run(s), 0 hit(s), 0 error(s), 0 left on base; Florida 0 - Southern California 5
TOP OF THE 8TH
Florida Gators batting - Pitching for Southern California Trojans : LHP Mark De Jesús
Pitching: LHP Jason MacNeill
Batting: RHB Mario Solís 0-0: Ball
1-0: DOUBLE (Flyball, 9LM)
Batting: RHB Larry Kennedy 0-0: Swinging Strike
0-1: Ball
1-1: Ball
2-1: Ball
3-1: Base on Balls
Batting: RHB Barry Murphy 0-0: SINGLE (Flyball, 9S)
Mario Solís to third
Larry Kennedy to second
Pitching: LHP Al McGuire
Batting: RHB Johnny MacNamara 0-0: Called Strike
0-1: Foul Ball, location: 2F
0-2: Ball
1-2: Ball
2-2: Ball
3-2: Base on Balls
Mario Solís scores
Larry Kennedy to third
Barry Murphy to second
Batting: SHB Leroy Sibbald 0-0: Called Strike
0-1: Foul Ball, location: 2F
0-2: Ball
1-2: Foul Ball, location: 2F
1-2: Ball
2-2: Strikes out looking
Batting: LHB Jeff Fountain 0-0: Ball
1-0: Grounds into fielders choice 1-2 (Groundball, 13S)
Barry Murphy to third
Johnny MacNamara to second
Batting: RHB Joe Richardson 0-0: Ball
1-0: Ball
2-0: Called Strike
2-1: Ball
3-1: Foul Ball, location: 2F
3-2: Base on Balls
Barry Murphy scores
Johnny MacNamara to third
Jeff Fountain to second
Batting: LHB Mark Strong 0-0: Ball
1-0: Ground out 4-3 (Groundball, 4)
Top of the 8th over - 2 run(s), 2 hit(s), 0 error(s), 3 left on base; Florida 2 - Southern California 5
BOTTOM OF THE 8TH
Southern California Trojans batting - Pitching for Florida Gators : RHP Santiago Castro
Batting: LHB Mike Davis 0-0: Ball
1-0: SOLO HOME RUN (Flyball, 78D), Distance : 380 ft
Batting: LHB Roberto Barrón 0-0: Foul Ball, location: 2F
0-1: Foul Ball, location: 2F
0-2: Strikes out swinging
Batting: SHB Donald Waller 0-0: Called Strike
0-1: Fly out, F2 (Popup, 2LF)
Batting: RHB Bernard Pryor 0-0: Swinging Strike
0-1: Fly out, F9 (Line Drive, 89M)
Bottom of the 8th over - 1 run(s), 1 hit(s), 0 error(s), 0 left on base; Florida 2 - Southern California 6
TOP OF THE 9TH
Florida Gators batting - Pitching for Southern California Trojans : LHP Al McGuire
Pitching: LHP César Ruíz
Batting: LHB Juan Torres 0-0: Ball
1-0: Ball
2-0: Foul Ball, location: 2F
2-1: Foul Ball, location: 2F
2-2: SINGLE (Line Drive, 78S)
Batting: RHB Mario Solís 0-0: Called Strike
0-1: Called Strike
0-2: Strikes out swinging
Batting: RHB Larry Kennedy 0-0: Called Strike
0-1: Fly out, F9 (Line Drive, 89M)
Batting: RHB Barry Murphy 0-0: Ball
1-0: Called Strike
1-1: Called Strike
1-2: Ball
2-2: Foul Ball, location: 2F
2-2: Strikes out swinging
Top of the 9th over - 0 run(s), 1 hit(s), 0 error(s), 1 left on base; Florida 2 - Southern California 6
This league is powered by Out of the Park Baseball, the baseball management simulation game for PC, Mac and Linux
Saturday, April 9th, 2016 - OOTP Baseball 16.8 Build 38